Map: New Gettysburg LE

Players

Kelazhur

  • Race: Terran Terran

RuFF - Winner!

  • Race: Terran Terran
  • League: Grandmaster

Event: Cheesadelphia Summer 2016

VOD

https://www.youtube.com/watch?v=hRClUeV1Wlg

Description

Time

  • Played on: July 24, 2016, 3:59 p.m.
  • Length: 24:39

All games in this series

Show
View Real Time Build Order
Export as new Build Order

Kelazhur Terran 

Build Orders: Bio Tank 

Get SALT Encoding   

  12  0:01  SCV  
  13  0:13  SCV  
  14  0:18  Supply Depot  
  14  0:25  SCV  
  15  0:29  Refinery  
  15  0:40  SCV  
  16  0:45  Barracks  
  16  0:52  SCV  
  17  1:04  SCV  
  18  1:16  SCV  
  20  1:32  Reaper  
  20  1:33  Orbital Command  
  20  1:47  Command Center  
  20  1:58  SCV  
  21  2:03  Factory  
  21  2:06  Reaper  
  22  2:13  Supply Depot  
  22  2:15  SCV  
  23  2:22  Refinery  
  23  2:35  SCV  
  24  2:40  Reaper  
  25  2:47  SCV  
  25  2:48  Hellion  
  28  2:55  Starport  
  28  2:59  Orbital Command, SCV  
  29  3:10  Hellion  
  29  3:11  SCV  
  31  3:23  Barracks Tech Lab, SCV  
  32  3:29  SCV  
  32  3:32  Bunker  
  32  3:35  SCV  
  32  3:36  Viking  
  35  3:41  SCV  
  35  3:47  Cyclone  
  40  3:49  SCV  
  40  3:53  SCV  
  42  3:57  Barracks Reactor  
  42  3:58  Supply Depot  
  42  4:04  SCV  
  42  4:05  SCV  
  44  4:16  SCV  
  45  4:17  SCV  
  45  4:21  Command Center  
  46  4:26  Siege Tank  
  46  4:30  Viking  
  51  4:31  SCV  
  51  4:32  SCV  
  51  4:34  Marine  
  51  4:37  Supply Depot  
  54  4:40  Marine  
  54  4:44  SCV x2  
  57  4:48  Barracks  
  57  4:50  Engineering Bay  
  57  4:52  Marine  
  57  4:56  SCV x2  
  57  4:58  Marine  
  61  5:00  Siege Tank  
  64  5:08  SCV x2  
  64  5:10  Supply Depot, Marine  
  67  5:16  Starport Reactor  
  67  5:20  SCV  
  68  5:22  SCV  
  68  5:31  Barracks  
  68  5:32  Barracks  
  68  5:33  Marine x2, Barracks  
  70  5:36  Orbital Command  
  70  5:41  Barracks Tech Lab  
  70  5:44  Siege Tank  
  70  5:49  SCV x2  
  75  5:51  Marine x2  
  77  6:00  Stimpack  
  77  6:01  Marauder  
  77  6:03  Refinery, SCV x2  
  81  6:04  Refinery  
  81  6:06  Supply Depot  
  81  6:15  Marine x2  
  81  6:18  Siege Tank  
  86  6:20  Barracks Tech Lab x2  
  86  6:21  Barracks Reactor  
  86  6:24  Orbital Command  
  86  6:25  SCV  
  86  6:28  Supply Depot, Marauder  
  86  6:30  Missile Turret  
  89  6:34  SCV  
  89  6:39  Marine x2, Marauder x2  
  92  6:45  SCV  
  95  6:50  SCV, Marauder  
  95  6:52  Combat Shields  
  97  6:56  Medivac  
  97  7:00  Marine x4  
  103  7:03  SCV x3  
  103  7:05  Supply Depot, Terran Infantry Weapons Level 1  
  103  7:06  Marine  
  107  7:12  Marine x2  
  109  7:18  Supply Depot  
  109  7:19  Supply Depot  
  109  7:20  Marine x4, SCV  
  109  7:21  Medivac  
  116  7:27  SCV, Medivac, Marauder  
  116  7:28  SCV  
  122  7:30  Concussive Shells  
  122  7:33  Supply Depot  
  122  7:36  Marauder  
  124  7:39  SCV  
  124  7:40  Marauder, SCV  
  124  7:41  SCV  
  124  7:44  Supply Depot  
  129  7:46  Supply Depot  
  129  7:47  Marine x2  
  129  7:51  Marine x2, SCV  
  132  7:52  Marauder  
  136  8:01  Marauder  
  134  8:09  Marine x3  
  134  8:10  Marine, Marauder  
  134  8:12  Supply Depot  
  140  8:13  Siege Tank  
  140  8:14  Marauder  
  143  8:21  SCV  
  138  8:28  SCV x2  
  138  8:29  Marine x3, Marauder  
  138  8:33  SCV  
  146  8:36  Marine x2, Marauder  
  146  8:41  Medivac x2  
  152  8:43  Supply Depot  
  152  8:45  Siege Tank  
  152  8:47  Engineering Bay, Marine  
  158  8:49  Supply Depot  
  158  8:50  Supply Depot  
  158  8:51  SCV  
  158  8:53  Supply Depot  
  158  8:55  SCV x2  
  161  9:00  Terran Infantry Armor Level 1  
  161  9:01  Marine, Armory  
  161  9:02  Marine x2  
  163  9:05  Marauder  
  165  9:11  Marauder x2  
  165  9:15  Medivac x2  
  173  9:24  Refinery  
  173  9:26  Marine x3  
  173  9:27  Marauder  
  178  9:32  Siege Tank  
  178  9:34  Command Center  
  181  9:43  Marine  
  181  9:44  Marine, Marauder x2  
  187  9:45  Medivac  
  187  9:47  Medivac  
  191  9:55  Barracks x2  
  191  9:56  Barracks  
  191  10:01  Supply Depot, Terran Infantry Weapons Level 2  
  191  10:11  Marine x3, Marauder x3  
  149  10:41  Marauder x2  
  125  10:45  Marine x4, Marauder  
  125  10:48  Siege Tank  
  125  10:49  Medivac x2  
  129  10:56  Planetary Fortress  
  129  10:58  Missile Turret  
  129  11:01  Barracks Tech Lab x2  
  129  11:02  Marauder  
  131  11:08  Marine x2  
  131  11:09  Marine x4, Refinery  
  137  11:13  Barracks Tech Lab  
  137  11:22  Marine, Marauder  
  137  11:23  Marine  
  137  11:26  Marine x4  
  137  11:27  Marauder x2  
  137  11:28  Terran Infantry Armor Level 2  
  138  11:38  Marauder  
  126  11:40  Marauder  
  126  11:41  Marine  
  126  11:43  Marine  
  126  11:44  Medivac, Marine x3  
  126  11:45  Medivac  
  135  11:48  Marauder x2  
  135  11:49  Marine  
  140  11:59  Marine, Marauder  
  140  12:01  Marine x2  
  144  12:02  Marine x2  
  147  12:09  Marine  
  147  12:10  Marine, Marauder x2  
  147  12:14  Command Center, Medivac  
  147  12:15  Medivac  
  156  12:18  Marauder  
  156  12:19  Marine, Marauder x2  
  156  12:20  Marine, Siege Tank  
  156  12:21  Marauder  
  166  12:27  Marine  
  167  12:31  Marine, Marauder x2  
  172  12:37  Marine  
  172  12:39  Marauder  
  172  12:40  Marauder  
  172  12:41  Marauder  
  172  12:42  Marauder  
  181  12:46  Marine  
  181  12:50  Marine  
  182  12:51  Command Center  
  182  12:52  Command Center  
  182  12:53  Marauder x2  
  182  12:55  Marine  
  160  13:00  Marauder  
  160  13:01  Marine  
  160  13:02  Marauder x2  
  160  13:03  Marauder  
  137  13:14  Marauder  
  137  13:16  Marauder  
  137  13:18  Medivac x2  
  137  13:19  Marine  
  136  13:22  Marauder  
  136  13:23  Marauder x2  
  136  13:24  Marine  
  136  13:25  Marauder  
  135  13:29  Marine  
  135  13:33  Marine  
  129  13:35  Marauder  
  129  13:41  Marine, Marauder  
  133  13:44  Marine  
  133  13:45  Marine x2  
  129  13:54  Marine  
  129  13:55  Marine, Marauder  
  127  14:09  Marine, Marauder  
  97  14:10  Marine, Marauder  
  97  14:11  Medivac  
  97  14:12  Medivac, Marine  
  98  14:24  Marine  
  101  14:35  Marauder  
  101  14:37  Marine x3  
  106  14:42  Marauder x2  
  103  14:48  Marauder  
  105  14:56  Marauder  
  98  15:06  Marauder x2  
  86  15:14  Marauder  
  88  15:21  Marauder  
  88  15:23  Medivac x2  
  88  15:28  Marauder  
  94  15:33  Orbital Command, Marauder  
  96  15:37  Marine x2  
  95  15:45  Marine x3  
  95  15:47  SCV  
  99  15:52  Refinery  
  99  15:56  SCV  
  101  16:00  Orbital Command  
  100  16:06  Marine x5  
  100  16:07  Marine x2  
  100  16:11  SCV x3  
  110  16:21  Marauder  
  110  16:23  SCV x3  
  115  16:26  SCV  
  115  16:27  Marine  
  115  16:28  Marine x3  
  120  16:35  SCV  
  121  16:41  Marauder x2  
  125  16:52  Marauder x2  
  125  16:53  Marine  
  125  16:54  Marine  
  130  17:00  Marine x2  
  133  17:02  Marauder  
  133  17:04  Refinery  
  133  17:07  Marine, Refinery x2  
  136  17:11  Marine  
  136  17:12  Marine  
  138  17:17  Marauder  
  138  17:21  Marauder  
  141  17:23  Marine  
  141  17:25  Marine x3  
  141  17:29  Marine x2  
  140  17:38  Marine  
  140  17:41  Marine  
  140  17:42  Marine, Marauder  
  140  17:43  Marine, Marauder  
  140  17:47  Orbital Command  
  124  17:56  Marauder  
  109  18:01  Marauder  
  109  18:04  Marauder  
  109  18:05  Marauder  
  110  18:08  Marine  
  98  18:18  Marauder  
  97  18:22  Marauder  
  97  18:25  Marauder  
  97  18:26  Marauder  
  103  18:37  Marine  
  103  18:39  Marauder  
  106  18:44  Marauder  
  89  19:43  Orbital Command  
  89  20:29  Refinery  
  89  20:30  Refinery  
  72  20:45  Orbital Command  
  72  20:49  Marine x4  
  73  20:50  Marine  
  77  21:00  Marine  
  75  21:15  SCV  
  76  21:27  SCV  
  77  21:33  Marine x2  
  77  21:39  SCV  
  80  21:52  SCV  
  81  22:06  Marine x5  
  86  22:10  SCV  
  87  22:26  Marine  
  87  22:27  SCV  
  89  22:32  Marine x4  
  93  22:38  Marine x2  
  93  22:42  SCV  
  96  22:54  SCV  
  96  22:58  Marine x3  
  98  23:05  Marine  
  100  23:06  SCV  
  102  23:14  Marine  
  102  23:15  Marine  
  102  23:18  SCV  
  105  23:22  Marine  
  106  23:31  Marine  
  106  23:32  Marine  
  108  23:40  Marine  
  108  23:47  SCV  
  108  23:48  Marine  
  110  23:59  SCV  
  111  24:09  Supply Depot  
  111  24:16  Supply Depot  
Show
View Real Time Build Order
Export as new Build Order

RuFF Terran - Winner!

Build Orders: Mech 

Get SALT Encoding   

  12  0:00  SCV  
  13  0:13  SCV  
  14  0:18  Supply Depot  
  14  0:25  SCV  
  15  0:30  Refinery  
  15  0:39  SCV  
  16  0:45  Barracks  
  16  0:51  SCV  
  17  1:03  SCV  
  18  1:15  SCV  
  19  1:28  SCV  
  19  1:32  Reaper  
  21  1:40  Orbital Command  
  21  1:47  Command Center  
  21  1:58  Factory  
  21  2:06  SCV  
  22  2:11  Barracks Reactor  
  22  2:15  Supply Depot  
  22  2:18  SCV  
  22  2:20  Refinery  
  23  2:37  SCV  
  24  2:49  SCV  
  24  2:50  Hellion x2  
  29  2:54  Starport  
  29  3:00  Barracks Reactor  
  29  3:01  SCV  
  29  3:03  Orbital Command  
  29  3:11  Hellion  
  30  3:13  SCV  
  31  3:25  SCV  
  32  3:30  Supply Depot, SCV  
  33  3:38  SCV  
  34  3:41  Viking  
  34  3:43  SCV  
  34  3:46  Viking  
  39  3:50  SCV  
  39  3:54  Hellion  
  39  3:55  Hellion  
  44  3:59  SCV  
  45  4:05  SCV  
  45  4:09  Engineering Bay  
  46  4:12  Viking  
  46  4:16  Viking  
  50  4:21  Factory  
  50  4:26  SCV  
  50  4:27  Factory Tech Lab  
  50  4:29  SCV  
  53  4:38  SCV  
  53  4:41  SCV  
  54  4:47  Infernal Pre-Igniter  
  54  4:51  Supply Depot x2, SCV  
  54  4:52  Hellion  
  57  4:53  Supply Depot, SCV  
  58  5:04  SCV  
  60  5:07  SCV  
  60  5:11  Command Center  
  60  5:16  SCV  
  61  5:25  Hellion x2  
  61  5:26  Hellion  
  68  5:28  SCV  
  68  5:30  Refinery  
  68  5:31  Refinery, SCV  
  69  5:37  Medivac x2  
  69  5:40  SCV  
  74  5:45  SCV  
  75  5:51  Factory  
  75  5:53  Hellion, SCV  
  78  5:58  SCV  
  78  6:00  Hellion  
  81  6:05  SCV  
  81  6:06  Factory  
  81  6:10  Medivac  
  84  6:13  SCV  
  85  6:20  Missile Turret  
  85  6:23  Missile Turret  
  85  6:28  Orbital Command  
  85  6:35  Hellion x2  
  85  6:37  Factory Tech Lab, SCV  
  90  6:40  Viking  
  90  6:44  Armory  
  92  6:53  Siege Tank  
  95  6:54  Factory Tech Lab  
  95  6:56  Siege Tank, SCV  
  95  6:57  SCV  
  95  6:59  SCV, Refinery  
  101  7:08  Armory  
  101  7:15  Refinery  
  101  7:16  Supply Depot x2  
  101  7:17  Supply Depot  
  101  7:19  Supply Depot  
  101  7:37  Siege Tank, SCV x3  
  101  7:38  Siege Tank  
  110  7:46  Siege Tank  
  110  7:48  Hellion x2  
  110  7:49  SCV x2  
  110  7:51  SCV  
  120  7:56  Terran Vehicle Weapons Level 1  
  120  7:57  Terran Vehicle And Ship Armor Level 1  
  120  8:02  SCV x2  
  122  8:07  Viking  
  122  8:09  Siege Tank  
  122  8:10  Hellion x2  
  131  8:17  Supply Depot  
  131  8:18  Supply Depot  
  131  8:19  Supply Depot x2  
  131  8:21  Siege Tank  
  124  8:28  Siege Tank  
  124  8:31  Hellion x2, Viking  
  133  8:38  Viking, SCV  
  134  8:42  Siege Tank  
  135  8:53  Missile Turret  
  135  8:57  Command Center, Hellion, Siege Tank  
  135  8:58  Missile Turret, Hellion  
  135  9:00  Siege Tank  
  145  9:03  SCV  
  145  9:04  Sensor Tower  
  146  9:12  SCV  
  146  9:14  Siege Tank  
  150  9:22  Building Armor  
  150  9:25  Supply Depot x2  
  150  9:26  Supply Depot  
  150  9:29  Siege Tank  
  153  9:32  Viking  
  153  9:33  Viking  
  153  9:35  Supply Depot  
  157  9:46  Command Center  
  157  9:51  Terran Vehicle Weapons Level 2  
  157  9:52  Terran Vehicle And Ship Armor Level 2  
  157  9:59  Siege Tank  
  160  10:02  Viking  
  146  10:21  Hellion x10  
  135  10:32  Siege Tank, Orbital Command  
  138  10:38  Siege Tank  
  138  10:39  Hellion  
  137  10:44  SCV  
  137  10:47  Hellion  
  137  10:48  Hellion  
  135  11:01  Hellion  
  137  11:04  Siege Tank, Refinery  
  137  11:08  Planetary Fortress  
  137  11:09  Hellion x2  
  137  11:10  Siege Tank  
  147  11:19  Missile Turret x2  
  147  11:20  Missile Turret  
  143  11:31  Orbital Command  
  138  11:42  Hellion x3  
  138  11:43  Siege Tank  
  141  11:53  Factory Tech Lab x2  
  141  11:55  Hellion  
  141  11:56  Hellion  
  145  12:13  Hellion, Siege Tank  
  150  12:15  Siege Tank  
  150  12:17  Hellion x2  
  157  12:29  Viking  
  158  12:35  Hellion  
  158  12:37  Supply Depot x2  
  160  12:38  Hellion x2  
  126  13:35  Supply Depot x2  
  126  13:36  Supply Depot  
  126  13:37  Supply Depot  
  126  13:57  Hellion x3, Siege Tank x2, SCV  
  125  14:18  Siege Tank  
  125  14:19  Hellion x2  
  132  14:29  Hellion, Siege Tank  
  136  14:40  Hellion x2  
  136  14:41  Orbital Command  
  140  14:50  Siege Tank x2  
  146  15:02  Hellion  
  146  15:03  Hellion x2  
  127  15:23  Hellion, Siege Tank  
  127  15:25  Orbital Command  
  132  15:33  Medivac  
  133  16:04  Refinery x2  
  133  16:05  Medivac  
  135  16:11  SCV  
  136  16:23  SCV  
  136  16:24  Siege Tank  
  136  16:25  Siege Tank  
  143  16:35  Medivac, SCV  
  146  16:43  Siege Tank  
  149  17:18  SCV  
  149  17:20  Hellion  
  149  17:21  Hellion  
  149  17:22  Hellion  
  149  17:23  Hellion, Siege Tank  
  144  17:31  SCV  
  143  17:41  Siege Tank  
  143  17:43  SCV  
  121  17:55  SCV  
  121  17:56  Siege Tank  
  109  18:10  Hellion x2  
  112  18:14  Hellion  
  108  18:28  Siege Tank  
  111  18:36  Hellion x2  
  111  18:37  SCV  
  116  18:57  Orbital Command  
  81  19:03  Siege Tank  
  80  19:14  Refinery  
  80  19:16  Refinery  
  80  19:28  Missile Turret  
  80  19:31  Missile Turret  
  80  20:05  SCV  
  81  20:07  Missile Turret  
  81  20:08  Missile Turret  
  81  20:09  Missile Turret  
  81  20:11  Missile Turret  
  81  20:13  Missile Turret x2  
  81  20:14  Missile Turret  
  82  20:28  SCV  
  82  20:52  Siege Tank  
  82  20:53  Factory Tech Lab  
  73  21:12  Siege Tank  
  73  21:14  Starport Tech Lab  
  76  21:19  Starport Reactor  
  76  21:24  Siege Tank  
  79  21:26  SCV  
  80  21:37  SCV  
  81  21:44  Siege Tank  
  84  21:52  Orbital Command  
  84  21:56  Siege Tank  
  84  22:00  SCV  
  88  22:12  SCV  
  89  22:16  Siege Tank  
  90  22:24  SCV  
  90  22:29  Hellion, Siege Tank  
  93  22:30  Hellion  
  93  22:48  Siege Tank  
  93  22:50  SCV  
  97  22:57  Command Center  
  97  23:02  SCV  
  98  23:05  Siege Tank  
  98  23:07  Hellion  
  103  23:23  Hellion x2  
  107  23:37  Siege Tank  
  108  23:46  Hellion x2  
  108  23:53  Hellion  
  108  23:54  Medivac  
  108  23:55  SCV  
  113  24:07  Hellion  
  113  24:08  Hellion  
  119  24:10  Hellion  
  119  24:15  Hellion  
Tags
 
Add a new tag
Caveats
  • Supply blocks, unpowered buildings, or Contaminate may cause inaccurate times.
  • Supply counts are checked every 10 seconds.